 Dungeon Crawl Stone Soup version 0.31-a0-506-g3d79149578 (webtiles) character file.

Game seed: 16189506771783293971

90 GordonOverkill the Sneak (level 4, 0/31 HPs)
             Began as an Octopode Delver on Aug 9, 2023.
             Slain by a jelly (2 damage)
             ... on level 5 of the Dungeon.
             The game lasted 00:01:25 (465 turns).

GordonOverkill the Sneak (Octopode Delver)           Turns: 465, Time: 00:01:25

Health: 0/31       AC: -3    Str: 11    XL:     4   Next: 56%
Magic:  4/4        EV: 13    Int: 14    God:
Gold:   18         SH:  0    Dex: 13    Spells: 2/3 levels left

rFire   . . .        a - +0 short sword
rCold   . . .        (no shield)
rNeg    . . .        (helmet restricted)
rPois   .            (no amulet)
rElec   .            (no ring)
rCorr   .            (no ring)
SInv    .            (no ring)
Will    .....        (no ring)
Stlth   ++++         (no ring)
HPRegen 0.25/turn    (no ring)
MPRegen 0.09/turn    (no ring)
                     (no ring)

%: no passive effects
@: corroded
A: almost no armour, amphibious, 8 rings, camouflage 1, gelatinous body 1,
(nimble swimmer 1), tentacles
a: no special abilities


You were on level 5 of the Dungeon.
You visited 1 branch of the dungeon, and saw 2 of its levels.

You collected 18 gold pieces.

Inventory:

Hand Weapons
 a - a +0 short sword (weapon)
Wands
 f - a wand of digging (3)
Scrolls
 b - a scroll of fog
 c - a scroll of revelation
Potions
 e - a potion of haste


   Skills:
 - Level 3.0 Fighting
 + Level 4.6 Short Blades
 - Level 2.0 Dodging
 - Level 6.6 Stealth
 + Level 0.0 Spellcasting
 + Level 0.0 Ice Magic


You had 2 spell levels left.
You knew the following spells:

 Your Spells              Type           Power      Damage    Failure   Level
a - Freeze                Ice            0%         1d3       28%         1

Your spell library contained the following spells:

 Spells                   Type           Power      Damage    Failure   Level
 Frozen Ramparts          Ice            0%         1d1       65%         3
 Hailstorm                Conj/Ice       0%         3d3       65%         3


Dungeon Overview and Level Annotations

Branches:
Dungeon (6/15)
 Temple: D:4-7

Altars:

Shops:
D:5 [


Innate Abilities, Weirdness & Mutations

You cannot wear most types of armour.
You are amphibious.
You can wear up to eight rings at the same time.
Your skin changes colour to match your surroundings (Stealth+).
Your rubbery body absorbs attacks. (AC +1, EV +1)
((You are camouflaged when in or above water. (Stealth+)))
You have tentacles for arms and can constrict up to eight enemies at once.


Message History

The orc wizard is almost dead.
You constrict the orc wizard.
You kill the orc wizard!
Things that are here:
a +0 dagger; a +0 robe; an orc corpse
Things that are here:
a +0 dagger; a +0 robe; an orc corpse You start resting.
HP restored.
You start memorising the spell.
You continue memorising.
You finish memorising.
Spell assigned to 'a'.
An orc comes into view. It is wielding a +0 short sword.
An orc wizard comes into view. It is wielding a +0 dagger.
Found a scroll labelled TADWO BONWUS.
An orc comes into view. It is wielding a +0 falchion.
An orc comes into view. It is wielding a +0 mace.
The orc shouts!
The jelly quivers.
The orc wizard shouts!
The orc hits you with a +0 short sword.
The orc moves out of view.
The orc throws a stone.
The stone hits you.
Okay, then.
You hit the jelly. The acid corrodes you!
Your tentacles burn!
The jelly is moderately wounded.
You hit the jelly.
Your tentacles burn!
* * * LOW HITPOINT WARNING * * *
The jelly is heavily wounded.
The jelly completely misses you.
You hit the jelly but do no damage.
Your tentacles burn!
* * * LOW HITPOINT WARNING * * *
The jelly is heavily wounded.
The jelly hits you.
* * * LOW HITPOINT WARNING * * *
You are splashed with acid!
* * * LOW HITPOINT WARNING * * *
You hit the jelly but do no damage.
Your tentacles burn!
* * * LOW HITPOINT WARNING * * *
The jelly is heavily wounded.
The jelly hits you.
You die...

## .# #..♣
..o##.#.#.♣
.....##.♣#
.......♣♣♣..
..#####.#.....?..
...o........#
######.##..#
###########.##..#
.......@Joo.##..#
##############..#
#..# #..# #..#
#..# #########..#
#.......)..#
#.##########


You could see a jelly and 2 orcs.

Vanquished Creatures
  A gnoll bouda (D:6)
  A sleepcap (D:5)
  An orc wizard (D:5)
  A gnoll (D:5)
  2 quokkas (D:5)
6 creatures vanquished.

Notes
Turn   | Place    | Note
-------+----------+-------------------------------------------
     0 | D:5      | GordonOverkill the Octopode Delver began the quest for the
                  | Orb.
     0 | D:5      | Reached XP level 1. HP: 16/16 MP: 1/1
    11 | D:5      | Found Daxtis's Antique Armour Boutique.
    66 | D:6      | Noticed a gnoll bouda
    67 | D:6      | Killed a gnoll bouda
    68 | D:6      | Reached XP level 2. HP: 21/21 MP: 2/2
    68 | D:6      | Reached XP level 3. HP: 26/26 MP: 3/3
   229 | D:5      | Reached XP level 4. HP: 28/31 MP: 4/4
   444 | D:5      | Learned a level 1 spell: Freeze
   465 | D:5      | Slain by a jelly

Illustrated notes

Levels and vault maps discovered:
D:5:      layout_loops_ring, serial_shops, nicolae_shop_pleasant_corner_grove,
          minmay_stone_trees_medium, kennysheep_generic_room_5
D:6:      layout_basic, nicolae_overflow_crystal_walls

Skill      XL: |  1  2  3 |
---------------+----------+-----
Short Blades   | 3 4 |  4.6
Fighting       | |  3.0
Dodging        | |  2.0
Stealth        | |  6.6

Action                     |  1- 3 |  4- 6 || total
---------------------------+-------+-------++-------
  Melee: Short sword       |    10 |     8 ||    18
         Tentacles         |     4 |     1 ||     5
         Constrict         |     3 |     1 ||     4
         Punch             |       |     1 ||     1
    Use: Scroll            |       |     1 ||     1
   Stab: Sleeping          |     3 |       ||     3
  Dodge: Dodged            |     4 |     2 ||     6

Table legend: (Time is in decaauts)
 A = Elapsed time spent in this place.
 B = Non-inter-level travel time spent in this place.
 C = Inter-level travel time spent in this place.
 D = Time resting spent in this place.
 E = Time spent auto-exploring this place.
 F = Levels seen in this place.
 G = Mean time per level.
                   A        B        C        D        E       F      G
               +--------+--------+--------+--------+--------+-----+--------+
         Total |    462 |    462 |      0 |    263 |      0 |   2 |  231.0 |
       Dungeon |    462 |    462 |      0 |    263 |      0 |   2 |  231.0 |
               +--------+--------+--------+--------+--------+-----+--------+

Top non-repeatable levels by time:
     D:5: 459 daAuts
     D:6: 2 daAuts
